 Dungeon Crawl Stone Soup version 0.23.2-40-g277498a001 (webtiles) character file.

Game seed: 12659628041664482803

24332 Aggronaut the Imperceptible (level 12, -12/67 HPs)
             Began as a Vampire Enchanter on Oct 7, 2019.
             Was a Believer of Ashenzari.
             Mangled by a cacodemon (15 damage)
             ... in a Gauntlet on Oct 21, 2019.
             The game lasted 01:06:58 (19779 turns).

Aggronaut the Imperceptible (Vampire Enchanter)    Turns: 19779, Time: 01:07:01

Health: -12/67     AC: 12    Str: 10      XL:     12   Next: 79%
Magic:  12/15      EV:  9    Int: 20 (23) God:    Ashenzari [**....]
Gold:   1012       SH:  0    Dex: 19 (20) Spells: 6/15 levels left

rFire    + . .     SeeInvis +   f - +3 dagger (freeze)
rCold    + . .     Gourm    .   (no shield)
rNeg     + + .     Faith    .   O - +1 ring mail {rPois}
rPois    +         Spirit   .   C - +0 helmet of the Poles {Int+6} (curse)
rElec    .         Reflect  +   N - +2 cloak
rCorr    .         Harm     .   M - +0 pair of gloves
MR       +....     NoTele   +   I - +0 pair of boots
Stlth    ++++......             L - +5 amulet of reflection (curse)
HPRegen  0.10/turn              g - ring of protection from fire
MPRegen  0.14/turn              i - +3 ring of strength

@: confused, very slightly contaminated, held, regenerating slowly, slowed, very
slow
A: fangs 3, camouflage 1, see invisible, deterioration 1, frail 1, screaming 1,
unbreathing
a: Bat Form, Curse Item, Scrying, Renounce Religion


You were in a Gauntlet.
You worshipped Ashenzari.
Ashenzari was pleased with you.
You were thirsty.

You visited 3 branches of the dungeon, and saw 15 of its levels.
You also visited: Gauntlet.

You collected 1012 gold pieces.

Inventory:

Hand Weapons
 f - a +3 dagger of freezing (weapon)
Armour
 b - the +1 pair of gloves "Fyxt" {SInv}
   (You found it in a Gauntlet)

   It lets you see invisible.
 C - the cursed +0 helmet of the Poles (worn) {Int+6}
   (You took it off Robin on level 4 of the Dungeon)

   It affects your intelligence (+6).
   It has a curse placed upon it.
 I - a +0 pair of boots (worn)
 M - a +0 pair of gloves (worn)
 N - a +2 cloak (worn)
 O - a +1 ring mail of poison resistance (worn)
Jewellery
 g - a ring of protection from fire (left hand)
 i - a +3 ring of strength (right hand)
 A - an uncursed ring of protection from fire
 G - a +2 amulet of reflection
 H - an uncursed ring of fire
 L - a cursed +5 amulet of reflection (around neck)
Wands
 a - a wand of random effects (27)
 n - a wand of flame (18)
 t - a wand of enslavement (4)
 x - a wand of disintegration (29)
 z - a wand of scattershot (5)
 E - a wand of iceblast (16)
 J - a wand of digging (9)
Scrolls
 l - 3 scrolls of remove curse
 m - 2 scrolls of identify
 r - a scroll of fog
 u - 2 scrolls of magic mapping
 y - 2 scrolls of enchant armour
 F - a scroll of blinking
Potions
 c - 10 potions of curing
 d - 7 potions of blood
 h - 3 potions of berserk rage
 j - 2 potions of flight
 k - a potion of agility
 o - a potion of resistance
 p - 3 potions of brilliance
 s - a potion of cancellation
 v - a potion of mutation
 w - 2 potions of haste
 B - a potion of ambrosia
 D - 4 potions of lignification
Miscellaneous
 e - a sack of spiders


   Skills:
 - Level 0.7 Fighting
 - Level 10.0 Short Blades
 - Level 12.0 Dodging
 + Level 21.9 Stealth
 - Level 2.1 Spellcasting
 - Level 8.0 Hexes


You had 6 spell levels left.
You knew the following spells:

 Your Spells              Type           Power        Failure   Level  Hunger
a - Corona                Hex            ####...      1%          1    #......
b - Ensorcelled Hibernat  Hex/Ice        ###...       12%         2    ##.....
c - Confuse               Hex            ####....     4%          3    ###....
d - Dazzling Spray        Conj/Hex       ###...       24%         3    ###....

Your spell library contained the following spells:

 Spells                   Type           Power        Failure   Level  Hunger
 Slow                     Hex            ####....     2%          2    ##.....
 Tukima's Dance           Hex            ####....     4%          3    ###....
 Cause Fear               Hex            ####......   16%         4    #####..
 Inner Flame              Hex/Fire       ###.....     24%         3    ###....
 Portal Projectile        Hex/Tloc       ###...       24%         3    ###....
 Summon Guardian Golem    Hex/Summ       ###.....     24%         3    ###....
 Sandblast                Erth           #.....       38%         1    #......
 Summon Small Mammal      Summ           #...         38%         1    #......
 Call Imp                 Summ           #.......     52%         2    ##.....
 Passwall                 Tmut/Erth      #.......     52%         2    ##.....
 Leda's Liquefaction      Hex/Erth       ###.......   61%         4    #####..
 Call Canine Familiar     Summ           #.......     77%         3    ###....
 Stone Arrow              Conj/Erth      #.....       77%         3    ###....
 Petrify                  Tmut/Erth      #.......     99%         4    #####..
 Summon Ice Beast         Ice/Summ       #.......     99%         4    #####..
 Summon Lightning Spire   Summ/Air       #.......     99%         4    #####..
 Lee's Rapid Deconstruct  Erth           #.........   100%        5    ######.
 Malign Gateway           Summ/Tloc      #.........   100%        7    #######
 Monstrous Menagerie      Summ           #.........   100%        7    #######
 Summon Greater Demon     Summ           #.........   100%        7    #######
 Summon Horrible Things   Summ           #.........   100%        8    #######


Dungeon Overview and Level Annotations

Branches:
Dungeon (10/15)            Temple (1/1) D:5            Lair (4/6) D:8
  Swamp (0/4) Lair:3        Snake (0/4) Lair:3
    Orc: D:9-12

Altars:
Ashenzari
Cheibriados
Dithmenos
Elyvilon
Fedhas
Gozag
Hepliaklqana
Kikubaaqudgha
Makhleb
Nemelex Xobeh
Okawaru
Qazlal
Ru
Sif Muna
Trog
Uskayaw
Vehumet
Wu Jian
Xom
Yredelemnul
Zin
The Shining One

Shops:
D:4 [

Annotations:
Gauntlet 13 transporters, 21 runed translucent doors


Innate Abilities, Weirdness & Mutations

You heal slowly.
You have razor-sharp teeth.
You have supernaturally acute eyesight. (SInv)
You can survive without breathing.
Your skin changes colour to match your surroundings (Stealth+).
Your body sometimes deteriorates upon taking damage.
You are frail. (-10% HP)
You occasionally shout uncontrollably at your foes.


Message History

Aiming: Confuse (safe; 4% risk of failure)
Press: ? - help, Shift-Dir - straight line, f/p - neqoxec
Aim: a neqoxec (chance to defeat MR: 45%)
The neqoxec appears confused.
The cacodemon drops a net on you. A large net falls onto you!
You become entangled in the net!
The neqoxec barely misses you.
You struggle against the net.
The neqoxec barely misses you. The cacodemon hits you!
* * * LOW HITPOINT WARNING * * *
Your body deteriorates!
You feel clumsy. The cacodemon hits you.
* * * LOW HITPOINT WARNING * * *
The neqoxec hits you but does no damage.
You are confused.
You feel invigorated. The cacodemon hits you!
* * * LOW HITPOINT WARNING * * *
The cacodemon hits you.
* * * LOW HITPOINT WARNING * * *
The neqoxec closely misses the neqoxec.
The cacodemon hits you!
You die...

#8#......#©...........©#
###..###################
#..#..#.##..##.##.....
###..###..#.####.#.#....
#8#..##.#P.##.^#.#..#...
###..##©..#..P.#.#...#©#
#..#######.###.#....#.
###..#...###..##.#9..#.#
#8#..##@####..##.#..#...
###..#23##.#3#.#.#.#....
#..#^3..©2#^##.##.}[©.
###..###################
#8#......#©...........©#
###≈.....#######.#######
#####........#.#......
#8#........#.#######
#########..#.#......


You could see a cacodemon and 2 neqoxecs.

Vanquished Creatures
  3 entropy weavers (Lair:3)
  The ghost of raetorn the Bludgeoner, a journeyman TrBe of Trog (Lair:1)
  3 ghost crabs (Lair:3)
  3 hydras
  A queen ant (Gauntlet)
  5 fire crabs (Lair:3)
  An apocalypse crab (Lair:3)
  2 black mambas (Lair:1)
  5 spiny frogs
  A komodo dragon (Lair:1)
  A troll (D:8)
  Grinder (D:6)
  A blink frog (Lair:3)
  A bog body (Lair:3)
  3 hippogriffs
  Sigmund (D:3)
  A wyvern (D:8)
  14 yaks
  Eustachio (D:6)
  4 basilisks
  A hungry ghost (D:7)
  A steam dragon (D:10)
  Menkaure (D:5)
  A naga (Lair:3)
  Duvessa (D:6)
  8 porcupines
  6 water moccasins
  A necrophage (D:4)
  2 phantoms
  2 black bears
  3 centaurs
  6 ogres
  6 crocodiles
  2 big kobolds
  9 bullfrogs
  Dowan (D:6)
  3 scorpions
  6 howler monkeys
  4 electric eels (D:9)
  5 crimson imps
  2 hounds (D:7)
  2 bullfrog zombies
  Crazy Yiuf (D:7)
  6 orc priests
  A gnoll shaman (D:9)
  2 jellies
  A bullfrog skeleton (D:9)
  3 iguanas
  5 orc wizards
  7 worker ants
  A hound zombie (D:6)
  2 hound skeletons
  A worker ant zombie (D:8)
  Robin (D:4)
  9 gnolls
  A howler monkey skeleton (D:4)
  7 adders
  2 shadow imps
  A white imp (D:5)
  2 oozes
  4 adder skeletons
  6 worms
  4 dart slugs
  4 leopard geckos
  27 orcs
  4 bats
  6 giant cockroaches
  15 goblins
  5 hobgoblins
  13 jackals
  2 quokkas
  A ball python (D:4)
  3 frilled lizards
  6 kobolds
  A quokka skeleton (D:7)
  A quokka zombie (D:9)
  3 rats (D:3)
284 creatures vanquished.

Vanquished Creatures (others)
  A quokka zombie (D:9)
  A demonic plant (Gauntlet)
  7 fungi
  2 plants
  A withered plant (D:6)
12 creatures vanquished.

Grand Total: 296 creatures vanquished

Notes
Turn   | Place    | Note
-------+----------+-------------------------------------------
     0 | D:1      | Aggronaut the Vampire Enchanter began the quest for the
                  | Orb.
     0 | D:1      | Reached XP level 1. HP: 13/13 MP: 3/3
   551 | D:1      | Reached XP level 2. HP: 19/19 MP: 5/5
   629 | D:1      | Reached skill level 5 in Stealth
  1300 | D:1      | Learned a level 2 spell: Ensorcelled Hibernation
  1384 | D:2      | Reached skill level 5 in Hexes
  1384 | D:2      | Reached XP level 3. HP: 24/25 MP: 1/6
  1550 | D:2      | Found an iron altar of Okawaru.
  1555 | D:2      | Found a white marble altar of Elyvilon.
  1955 | D:2      | Learned a level 3 spell: Confuse
  2127 | D:3      | Reached XP level 4. HP: 28/31 MP: 7/7
  2151 | D:3      | Found a stormy altar of Qazlal.
  2198 | D:3      | Noticed Sigmund
  3146 | D:3      | Killed Sigmund
  3146 | D:3      | Reached skill level 6 in Stealth
  3146 | D:3      | Reached XP level 5. HP: 25/36 MP: 2/8
  3400 | D:4      | Reached XP level 6. HP: 42/42 MP: 9/9
  3624 | D:4      | Found a glowing silver altar of Zin.
  3629 | D:4      | Found a sparkling altar of Nemelex Xobeh.
  3632 | D:4      | Found a shimmering altar of Xom.
  3845 | D:4      | Found Ycruamathro's Antique Armour Shoppe.
  3848 | D:4      | Reached skill level 7 in Stealth
  3881 | D:4      | Identified the cursed +0 helmet of the Poles {Int+6}
  3881 | D:4      | Noticed Robin
  3905 | D:4      | Killed Robin
  4199 | D:5      | Entered Level 5 of the Dungeon
  4863 | D:5      | Found a staircase to the Ecumenical Temple.
  4896 | Temple   | Entered the Ecumenical Temple
  5096 | D:5      | Reached XP level 7. HP: 47/47 MP: 10/10
  5128 | D:5      | Reached skill level 8 in Stealth
  5768 | D:5      | Found a hazy altar of Hepliaklqana.
  5954 | D:5      | Reached skill level 5 in Short Blades
  6327 | D:5      | Noticed Menkaure
  6329 | D:5      | Killed Menkaure
  6329 | D:5      | Reached skill level 9 in Stealth
  6538 | D:5      | Found a bloodstained altar of Trog.
  7052 | D:6      | Found a shattered altar of Ashenzari.
  7062 | D:6      | Became a worshipper of Ashenzari the Shackled
  7074 | D:6      | Reached XP level 8. HP: 53/53 MP: 11/11
  7327 | D:6      | Reached skill level 10 in Stealth
  7330 | D:6      | Found an ancient bone altar of Kikubaaqudgha.
  7420 | D:6      | Noticed Eustachio
  7424 | D:6      | Noticed Duvessa
  7424 | D:6      | Noticed Dowan
  7458 | D:6      | Killed Duvessa
  8389 | D:6      | Noticed Grinder
  8406 | D:6      | Killed Grinder
  8452 | D:6      | Killed Dowan
  8452 | D:6      | Reached skill level 11 in Stealth
  9040 | D:7      | Found an opulent altar of Gozag.
  9308 | D:6      | Killed Eustachio
  9308 | D:6      | Reached skill level 12 in Stealth
  9495 | D:6      | Found an ancient bone altar of Kikubaaqudgha.
  9841 | D:6      | Found a shattered altar of Ashenzari.
 10118 | D:7      | Reached XP level 9. HP: 39/58 MP: 12/12
 10193 | D:7      | Found a sacrificial altar of Ru.
 10619 | D:7      | Found a runed translucent door.
 10620 | D:7      | Noticed Crazy Yiuf
 10627 | D:7      | Killed Crazy Yiuf
 10766 | D:7      | Reached skill level 13 in Stealth
 11464 | D:8      | Found a staircase to the Lair.
 11822 | D:8      | Reached skill level 14 in Stealth
 11967 | D:8      | Reached skill level 10 in Short Blades
 12169 | D:8      | Reached skill level 15 in Stealth
 12209 | D:8      | Reached XP level 10. HP: 64/64 MP: 13/13
 12890 | D:9      | Reached * piety under Ashenzari
 12908 | D:9      | Reached skill level 16 in Stealth
 13242 | D:9      | Learned a level 3 spell: Dazzling Spray
 14230 | D:10     | Entered Level 10 of the Dungeon
 14438 | D:10     | Reached skill level 5 in Dodging
 14506 | D:10     | Noticed a cyclops
 15216 | Lair:1   | Entered Level 1 of the Lair of Beasts
 15255 | Lair:1   | Found a large runed translucent door.
 15255 | Lair:1   | Found a large runed translucent door.
 15260 | Lair:1   | Noticed raetorn's ghost (journeyman TrBe)
 15405 | Lair:1   | Reached skill level 17 in Stealth
 15425 | Lair:1   | Reached ** piety under Ashenzari
 15579 | Lair:1   | Noticed a spiny frog
 15587 | Lair:1   | Killed a spiny frog
 15804 | Lair:1   | Noticed a spiny frog
 15812 | Lair:1   | Killed a spiny frog
 15812 | Lair:1   | Reached XP level 11. HP: 69/69 MP: 14/14
 15901 | Lair:1   | Noticed a five-headed hydra
 15907 | Lair:1   | Killed a five-headed hydra
 16355 | Lair:1   | Killed raetorn's ghost
 16607 | Lair:2   | Reached skill level 10 in Dodging
 16607 | Lair:2   | Reached skill level 18 in Stealth
 16709 | Lair:2   | Noticed a four-headed hydra
 16726 | Lair:2   | Killed a four-headed hydra
 17243 | Lair:3   | Found a staircase to the Snake Pit.
 17418 | Lair:3   | Noticed a six-headed hydra
 17490 | Lair:3   | Killed a six-headed hydra
 17656 | Lair:3   | Found a runed translucent door.
 17709 | Lair:3   | Found a staircase to the Swamp.
 17847 | Lair:3   | Reached XP level 12. HP: 75/75 MP: 3/15
 18060 | Lair:3   | Reached skill level 19 in Stealth
 18063 | Lair:3   | Noticed an entropy weaver
 18070 | Lair:3   | Killed an entropy weaver
 18079 | Lair:3   | Reached skill level 20 in Stealth
 18083 | Lair:3   | Noticed a ghost crab
 18088 | Lair:3   | Killed a ghost crab
 18089 | Lair:3   | Noticed a ghost crab
 18090 | Lair:3   | Noticed an entropy weaver
 18203 | Lair:3   | Killed a ghost crab
 18207 | Lair:3   | Killed an entropy weaver
 18304 | Lair:3   | Noticed a ghost crab
 18313 | Lair:3   | Noticed an entropy weaver
 18315 | Lair:3   | Killed an entropy weaver
 18315 | Lair:3   | Reached skill level 21 in Stealth
 18321 | Lair:3   | Killed a ghost crab
 19178 | Lair:4   | Found a gate leading to a gauntlet.
 19184 | Gauntlet | Entered a Gauntlet
 19184 | Gauntlet | Found a transporter.
 19184 | Gauntlet | Found a transporter.
 19189 | Gauntlet | Noticed a queen ant
 19190 | Gauntlet | Found a transporter.
 19207 | Gauntlet | Found a transporter.
 19252 | Gauntlet | Found a transporter.
 19254 | Gauntlet | Found a large runed translucent door.
 19255 | Gauntlet | Found a large runed translucent door.
 19256 | Gauntlet | Found a large runed translucent door.
 19256 | Gauntlet | Found a large runed translucent door.
 19256 | Gauntlet | Found a runed translucent door.
 19257 | Gauntlet | Found a transporter.
 19258 | Gauntlet | Found a runed translucent door.
 19259 | Gauntlet | Found a large runed translucent door.
 19259 | Gauntlet | Found a large runed translucent door.
 19259 | Gauntlet | Found a large runed translucent door.
 19259 | Gauntlet | Found a large runed translucent door.
 19260 | Gauntlet | Found a large runed translucent door.
 19261 | Gauntlet | Found a large runed translucent door.
 19261 | Gauntlet | Found a transporter.
 19302 | Gauntlet | Found a transporter.
 19316 | Gauntlet | Found a transporter.
 19331 | Gauntlet | Found a transporter.
 19333 | Gauntlet | Found a large runed translucent door.
 19334 | Gauntlet | Found a large runed translucent door.
 19336 | Gauntlet | Found a runed translucent gate.
 19351 | Gauntlet | Found a transporter.
 19353 | Gauntlet | Noticed an entropy weaver
 19428 | Gauntlet | Found a large runed translucent door.
 19428 | Gauntlet | Found a large runed translucent door.
 19429 | Gauntlet | Found a large runed translucent door.
 19429 | Gauntlet | Found a large runed translucent door.
 19430 | Gauntlet | Found a runed translucent gate.
 19430 | Gauntlet | Found a runed translucent gate.
 19432 | Gauntlet | Found a transporter.
 19433 | Gauntlet | Found a transporter.
 19433 | Gauntlet | Noticed a catoblepas
 19439 | Gauntlet | Found a transporter.
 19447 | Gauntlet | Found a transporter.
 19457 | Gauntlet | Noticed a cacodemon
 19471 | Gauntlet | Noticed a green death
 19540 | Gauntlet | Found a transporter.
 19717 | Gauntlet | Killed a queen ant
 19767 | Gauntlet | Gained mutation: Your body sometimes deteriorates upon
                  | taking damage. [a neqoxec]
 19772 | Gauntlet | Gained mutation: Your skin changes colour to match your
                  | surroundings (Stealth+). [a neqoxec]
 19773 | Gauntlet | Got the uncursed pair of gloves "Fyxt" {SInv}
 19776 | Gauntlet | Gained mutation: You occasionally shout uncontrollably at
                  | your foes. [a neqoxec]
 19776 | Gauntlet | Gained mutation: You are frail. (-10% HP) [a neqoxec]
 19779 | Gauntlet | HP: 3/67 [cacodemon (4)]
 19779 | Gauntlet | Mangled by a cacodemon

Skill      XL: |  1  2  3  4  5  6  7  8  9 10 11 12 |
---------------+-------------------------------------+-----
Stealth        | 5 6 7 9 12 15 17 18 21 | 21.9
Hexes          | 5 6 7 8 |  8.0
Short Blades   | 2 3 4 5 8 10 | 10.0
Dodging        | 7 11 12 | 12.0
Fighting       | |  0.7
Spellcasting   | |  2.1

Action                   |  1- 3 |  4- 6 |  7- 9 | 10-12 || total
-------------------------+-------+-------+-------+-------++-------
Melee: Dagger            |    84 |   134 |   325 |   289 ||   832
       Bite              |     5 |    14 |    24 |    32 ||    75
 Cast: Ensorcelled Hiber |     7 |     9 |    85 |    80 ||   181
       Corona            |     1 |       |       |       ||     1
       Confuse           |       |     5 |    17 |    25 ||    47
       Dazzling Spray    |       |       |       |     4 ||     4
Invok: Curse Item        |       |       |     2 |       ||     2
 Abil: End Transformatio |       |       |     2 |       ||     2
       Bat Form          |       |       |     2 |       ||     2
Evoke: Wand              |       |       |     2 |     2 ||     4
  Use: Scroll            |     4 |     7 |     8 |    13 ||    32
       Potion            |       |     5 |     9 |    18 ||    32
 Stab: Sleeping          |    23 |    18 |    54 |    88 ||   183
       Confused          |       |     1 |    10 |    11 ||    22
       Distracted        |       |       |     3 |     3 ||     6
       Invisible         |       |       |       |     1 ||     1
Armor: Robe              |     6 |     2 |       |       ||     8
       Ring mail         |       |    24 |   134 |    68 ||   226
Dodge: Dodged            |    34 |    64 |   228 |   156 ||   482
Block: Other             |       |       |    20 |    46 ||    66
       Reflection        |       |       |     4 |     3 ||     7
